 Dungeon Crawl Stone Soup version 0.28.0 (webtiles) character file.

Game seed: 5630422625984076030

495 Cykl0x the Digger (level 7, -4/40 HPs)
             Began as a Gargoyle Earth Elementalist on Feb 9, 2022.
             Was a Follower of Zin.
             Killed from afar by Dowan (11 damage)
             ... with a stone arrow
             ... on level 4 of the Dungeon.
             The game lasted 00:13:45 (5619 turns).

Cykl0x the Digger (Gargoyle Earth Elementalist)     Turns: 5619, Time: 00:13:46

Health: -4/40      AC: 11    Str: 11    XL:     7   Next: 15%
Magic:  2/12       EV: 10    Int: 18    God:    Zin [*.....]
Gold:   216        SH:  0    Dex: 10    Spells: 8/12 levels left

rFire   . . .      SeeInvis .   n - +0 short sword
rCold   . . .      Faith    .   (no shield)
rNeg    + . .      Spirit   .   g - +0 ring mail
rPois   ∞          Reflect  .   (no helmet)
rElec   +          Harm     .   d - +0 cloak
rCorr   +          Rampage  .   (no gloves)
Will    .....                   (no boots)
Stlth   +.........              (no amulet)
HPRegen 0.13/turn               r - ring of resist corrosion
MPRegen 0.13/turn               s - ring of wizardry

@: no status effects
A: sickness immunity, AC +4, negative energy resistance 1, electricity
resistance, torment resistance 1, petrification resistance
a: Renounce Religion, Recite, Donate Gold


You were on level 4 of the Dungeon.
You worshipped Zin.
Zin was aware of your devotion.
You visited 2 branches of the dungeon, and saw 5 of its levels.

You collected 239 gold pieces.
You donated 23 gold pieces to Zin.

Inventory:

Hand Weapons
 e - a +0 dagger
 j - a +1 antimagic short sword
 n - a +0 short sword (weapon)
Missiles
 c - 150 stones
 q - a throwing net
Armour
 b - a +0 robe
 d - a +0 cloak (worn)
 g - a +0 ring mail (worn)
 h - a +0 scale mail
 i - a +0 leather armour
Jewellery
 r - a ring of resist corrosion (left hand)
 s - a ring of wizardry (right hand)
Wands
 o - a wand of iceblast (5)
Scrolls
 k - a scroll of teleportation
 m - a scroll of magic mapping
 p - 3 scrolls of identify
Potions
 f - a potion of mutation


   Skills:
 * Level 2.8 Fighting
 + Level 0.5 Short Blades
 + Level 2.3 Armour
 + Level 2.0 Dodging
 - Level 2.1 Stealth
 + Level 3.4 Spellcasting
 + Level 3.3 Conjurations
 - Level 0.7 Transmutations
 + Level 5.5 Earth Magic
 * Level 1.1 Invocations


You had 8 spell levels left.
You knew the following spells:

 Your Spells              Type           Power      Damage    Failure   Level
a - Sandblast             Erth           44%        2d11      1%          1
b - Stone Arrow           Conj/Erth      38%        3d9       8%          3

Your spell library contained the following spells:

 Spells                   Type           Power      Damage    Failure   Level
 Passwall                 Tmut/Erth      11%        N/A       6%          2
 Freeze                   Ice            12%        1d4       16%         1
 Pain                     Necr           12%        1d4       16%         1
 Frozen Ramparts          Ice            6%         1d2       38%         3
 Petrify                  Tmut/Erth      14%        N/A       38%         4
 Hailstorm                Conj/Ice       9%         3d4       56%         4
 Agony                    Necr           3%         N/A       98%         5
 Excruciating Wounds      Necr           1%         N/A       98%         5


Dungeon Overview and Level Annotations

Branches:
Dungeon (4/15)             Temple (1/1) D:4

Altars:
Ashenzari
Cheibriados
Dithmenos
Elyvilon
Gozag
Kikubaaqudgha
Okawaru
Qazlal
Ru
Trog
Uskayaw
Vehumet
Wu Jian
Xom
Yredelemnul
Zin

Shops:
D:2 (

Annotations:
D:4 Dowan


Innate Abilities, Weirdness & Mutations

You are immune to sickness and miasma.
Your stone body is resilient. (AC +4)
You are immune to poison.
You resist negative energy. (rN+)
You are resistant to electric shocks. (rElec)
You are resistant to unholy torment.
You are immune to petrification.


Message History

The blast of sand hits Dowan!
Dowan is almost dead.
c - 151 stones Dowan hits you with a +0 dagger.
You hit Dowan but do no damage.
Dowan is almost dead.
Dowan mumbles some strange words.
Dowan blinks!
Dowan gestures wildly while chanting.
Dowan blinks!
Dowan is nearby!
Casting: Sandblast (safe; 1% risk of failure)
Confirm with . or Enter, or press ? or * to list all spells.
Aiming: Sandblast (safe; 1% risk of failure)
Press: ? - help, Shift-Dir - straight line, f/p - Dowan
Aim: Dowan, wielding a +0 dagger and wearing a +0 robe (almost dead, fast, 73% to hit)
The blast of sand hits Dowan.
Dowan is almost dead.
c - 150 stones Dowan hits you but does no damage.
You closely miss Dowan.
Dowan is almost dead.
Dowan hits you but does no damage. Dowan closely misses you.
You hit Dowan.
Dowan is almost dead.
Dowan mumbles some strange words.
Dowan blinks!
Dowan casts a spell at you. The stone arrow hits you!
Dowan gestures wildly while chanting.
Dowan blinks!
Dowan gestures at you while chanting. The stone arrow hits you!
* * * LOW HITPOINT WARNING * * *
Casting: Sandblast (safe; 1% risk of failure)
Confirm with . or Enter, or press ? or * to list all spells.
Okay, then.
Dowan points at you and mumbles some strange words.
The stone arrow hits you!
You die...

................##.###.#########.
....##.########.##.....# #.
###.##.##..........#.### #. #
#.##.##.#####.##e#># #.
###.##.##.# #.##.#.# #.
....##.##.# #.##.#)# #.
###......<# #.##.#.# #.
###....########.#..#.# #.
................@.e..# #.
###.##.#..###...#.#### #. #
#.#####+###.###.# #.
#.###.....#.# #.# #.
#...#.⌠.⌠.#.# #.# #.
#.#.'..>..'.# #)# #.
#.###.⌠.⌠.#.# #.######### #. #.#
#.....#.# #.....gg..# #.
###.#####+###.# #########§######.


You could see Dowan (fast).

Vanquished Creatures
  A water moccasin (D:4)
  Duvessa (D:4)
  An ogre (D:4)
  Terence (D:3)
  Robin (D:4)
  6 adders
  An adder skeleton (D:4)
  A worm (D:3)
  3 dart slugs
  7 orcs
  3 endoplasms (D:2)
  15 goblins
  8 hobgoblins
  12 jackals
  5 kobolds
  2 quokkas
  7 ball pythons
  6 bats (D:1)
  4 frilled lizards
  10 rats
95 creatures vanquished.

Vanquished Creatures (others)
  5 dream sheep (D:4)
5 creatures vanquished.

Grand Total: 100 creatures vanquished

Notes
Turn   | Place    | Note
-------+----------+-------------------------------------------
     0 | D:1      | Cykl0x the Gargoyle Earth Elementalist began the quest for
                  | the Orb.
     0 | D:1      | Reached XP level 1. HP: 10/10 MP: 3/3
   324 | D:1      | Reached XP level 2. HP: 16/16 MP: 1/5
   417 | D:1      | Reached skill level 1 in Conjurations
   439 | D:1      | Reached skill level 4 in Earth Magic
   661 | D:1      | Reached skill level 1 in Fighting
   879 | D:1      | Reached XP level 3. HP: 20/20 MP: 4/6
   883 | D:1      | Learned a level 3 spell: Stone Arrow
  1655 | D:2      | Found a faded altar of an unknown god.
  1746 | D:2      | Found Semiecvefa's Weapon Shop.
  2376 | D:2      | Reached XP level 4. HP: 19/25 MP: 0/7
  3233 | D:3      | Reached skill level 1 in Armour
  3267 | D:3      | Noticed Terence
  3332 | D:3      | Killed Terence
  3333 | D:3      | Reached XP level 5. HP: 18/30 MP: 4/8
  3593 | D:3      | Found a snail-covered altar of Cheibriados.
  3593 | D:3      | Found a stormy altar of Qazlal.
  3697 | D:3      | Found an ancient bone altar of Kikubaaqudgha.
  3937 | D:3      | Found a faded altar of an unknown god.
  3941 | D:3      | Found a sacrificial altar of Ru.
  4107 | D:4      | Noticed a water moccasin
  4116 | D:4      | Killed a water moccasin
  4117 | D:4      | Reached skill level 5 in Earth Magic
  4117 | D:4      | Reached XP level 6. HP: 32/35 MP: 0/10
  4570 | D:4      | Found a staircase to the Ecumenical Temple.
  4576 | Temple   | Entered the Ecumenical Temple
  4639 | Temple   | Became a worshipper of Zin the Law-Giver
  4639 | Temple   | Reached * piety under Zin
  4768 | D:4      | Noticed a dream sheep
  4768 | D:4      | Noticed a dream sheep
  4768 | D:4      | Noticed a dream sheep
  4768 | D:4      | Noticed a dream sheep
  4768 | D:4      | Noticed a dream sheep
  4768 | D:4      | Found a shimmering altar of Xom.
  4773 | D:4      | Killed a dream sheep
  4774 | D:4      | Killed a dream sheep
  4774 | D:4      | Killed a dream sheep
  4774 | D:4      | Killed a dream sheep
  4774 | D:4      | Killed a dream sheep
  5174 | D:4      | Noticed Duvessa
  5275 | D:4      | Killed Duvessa
  5276 | D:4      | Reached skill level 1 in Invocations
  5276 | D:4      | Reached XP level 7. HP: 10/40 MP: 0/12
  5541 | D:4      | Found a bloodstained altar of Trog.
  5549 | D:4      | Noticed Dowan
  5549 | D:4      | Noticed Robin
  5591 | D:4      | Killed Robin
  5619 | D:4      | Killed from afar by Dowan

Illustrated notes

Levels and vault maps discovered:
D:1:      pf_arrival_petrified_forest, layout_basic
D:2:      layout_rooms, chequers_ecumenical_altar_island, serial_shops,
          nicolae_shop_advertising_works [nicolae_subvault_shop_adworks],
          grunt_decor_cap, minmay_misc_feat_columns
D:3:      layout_rooms, overflow_temple_1_default,
          chequers_temple_overflow_statue_of_worship,
          nicolae_overflow_ecumenical_swirl, uniq_terence
D:4:      layout_loops_ring, nzn_overflow_gifts_of_might_and_magic,
          kb_xom_exploding_sheep, minmay_temple_entry_hall, uniq_robin
Temple:   jpeg_temple_alley_garden

Skill      XL: |  1  2  3  4  5  6 |
---------------+-------------------+-----
Conjurations   | 1 2 3 |  3.3
Earth Magic    | 4 5 |  5.5
Fighting       | 1 2 |  2.8
Armour         | 1 2 |  2.3
Spellcasting   | 3 |  3.4
Dodging        | 2 |  2.0
Invocations    | 1 |  1.1
Short Blades   | |  0.5
Stealth        | |  2.1
Transmutations | |  0.7

Action                   |  1- 3 |  4- 6 |  7- 9 || total
-------------------------+-------+-------+-------++-------
Melee: Dagger            |    66 |     2 |       ||    68
       Punch             |     1 |     1 |       ||     2
       Short sword       |       |    66 |    11 ||    77
 Cast: Sandblast         |    30 |    17 |     5 ||    52
       Stone Arrow       |    19 |    39 |     5 ||    63
  Use: Scroll            |     5 |     5 |       ||    10
       Potion            |       |     5 |       ||     5
Armor: Robe              |    17 |       |       ||    17
       Leather armour    |     9 |    36 |       ||    45
       Ring mail         |       |       |    14 ||    14
Dodge: Dodged            |    65 |    38 |     7 ||   110
